 Dungeon Crawl Stone Soup version 0.31-a0-1467-g53b6572822 (webtiles) character file.

Game seed: 3560326922404005413

1258 Dirtsage the Changeling (level 8, -7/52 (54) HPs)
             Began as an Octopode Shapeshifter on Dec 28, 2023.
             Was an Initiate of Gozag.
             Mangled by a wight
             ... wielding a +2 morningstar
              (15 damage)
             ... on level 6 of the Dungeon.
             The game lasted 00:10:36 (4350 turns).

Dirtsage the Changeling (Octopode Shapeshifter)     Turns: 4350, Time: 00:10:36

HP:   -7/52 (54)    AC:  1    Str: 14    XL:     8   Next: 51%
MP:   8/8           EV: 16    Int: 12    God:    Gozag
Gold: 246           SH:  0    Dex: 19    Spells: 7/7 levels left

rFire   . .          .
                       - Unarmed
rCold   . . .        (no shield)
rNeg    . . .        (helmet currently unavailable)
rPois   .            o - amulet of regeneration
rElec   .            C - ring of resist corrosion
rCorr   +            p - +6 ring of dexterity
SInv    .            (no ring)
Will    .....        (no ring)
Stlth   +++          (no ring)
HPRegen 1.08/turn    (no ring)
MPRegen 0.11/turn    (no ring)
                     (no ring)

%: no passive effects
@: beast-form, gold aura, lightly drained
A: beast (slay +3), almost no armour, amphibious, 8 rings, camouflage 1,
gelatinous body 1, (nimble swimmer 1), tentacles
a: Begin Untransformation, Renounce Religion, Potion Petition, Call Merchant,
Bribe Branch


You were on level 6 of the Dungeon.
You worshipped Gozag.
Gozag was aware of your devotion.
You were a hulking beast.
You visited 2 branches of the dungeon, and saw 7 of its levels.

You collected 297 gold pieces.
You paid 51 gold pieces to Gozag.

Inventory:

Missiles
 a - a curare-tipped dart
Jewellery
 o - an amulet of regeneration (around mantle)
 p - a +6 ring of dexterity (right tentacle)
 C - a ring of resist corrosion (left tentacle)
Talismans
 b - a beast talisman
 c - a flux talisman
Wands
 z - a wand of flame (3) (quivered)
 D - a wand of light (8)
 G - a wand of polymorph (7)
Scrolls
 d - 2 scrolls of torment {unknown}
 e - a scroll of immolation {unknown}
 f - 2 scrolls of enchant armour {unknown}
 j - 3 scrolls of fog {unknown}
 m - 2 scrolls of poison {unknown}
 n - a scroll of revelation {unknown}
 t - 4 scrolls of teleportation
 u - a scroll of amnesia {unknown}
 v - a scroll of noise {unknown}
 w - 2 scrolls of blinking {unknown}
 x - 5 scrolls of identify {unknown}
 y - a scroll of enchant weapon {unknown}
 B - a scroll of vulnerability {unknown}
 E - a scroll of brand weapon {unknown}
 F - a scroll of butterflies {unknown}
Potions
 g - 4 potions of curing {unknown}
 h - a potion of resistance {unknown}
 i - 2 potions of might {unknown}
 k - 2 potions of enlightenment {unknown}
 l - a potion of attraction {unknown}
 q - a potion of brilliance {unknown}
 r - a potion of invisibility {unknown}
 s - 2 potions of ambrosia {unknown}
 A - a potion of heal wounds {unknown}


   Skills:
 + Level 4.4 Fighting
 + Level 4.8 Dodging
 + Level 5.3 Unarmed Combat
 * Level 6.5 Shapeshifting


You had 7 spell levels left.
You didn't know any spells.
Your spell library contained the following spells:

 Spells                   Type           Power      Damage    Failure   Level
 Call Canine Familiar     Summ           0%         N/A       69%         3
 Sigil of Binding         Hex            0%         N/A       69%         3
 Dimensional Bullseye     Hex/Tloc       0%         N/A       97%         4


Dungeon Overview and Level Annotations

Branches:
Dungeon (6/15)             Temple (1/1) D:5

Altars:
Ashenzari
Cheibriados
Dithmenos
Elyvilon
Fedhas
Gozag
Kikubaaqudgha
Makhleb
Nemelex Xobeh
Okawaru
Qazlal
Ru
Sif Muna
Trog
Uskayaw
Vehumet
Wu Jian
Xom
Yredelemnul
Zin
The Shining One

Shops:
D:2 =   D:6 :

Annotations:
D:5 exclusion: steam dragon


Innate Abilities, Weirdness & Mutations

You are a hulking beast.
Your limbs bulge with bestial killing power. (Slay +3)
You cannot wear most types of armour.
You are amphibious.
You can wear up to eight rings at the same time.
Your skin changes colour to match your surroundings (Stealth+).
Your rubbery body absorbs attacks. (AC +1, EV +1)
((You are camouflaged when in or above water. (Stealth+)))
You have tentacles for arms and can constrict up to eight enemies at once.


Message History

You hear the brisk rusting of a distant drain.
There is a stone staircase leading up here.
There is a stone staircase leading up here.
Items here: ))))) [[.
You hear the brisk rusting of a drain nearby.
A wight comes into view. It is wielding a +2 morningstar.
The wight moves out of view.
A wight comes into view.
It is wielding a +0 long sword and wearing a +1 robe of willpower.
You see here a wand of flame (15).
A wight comes into view. It is wielding a +4 flail.
You see here a wand of flame (15).
You barely miss the wight. You grab the wight.
You constrict the wight, but do no damage.
The wight completely misses you.
You tentacle-slap the wight. You squeeze the wight!
The wight is severely damaged.
You constrict the wight, but do no damage.
You tentacle-slap the wight but do no damage.
The wight is severely damaged.
You constrict the wight.
The wight hits you with a +0 long sword!
The wight hits you with a +2 morningstar!
You feel drained.
You take 26 damage, and have 28/52 hp.
MASSIVE DAMAGE!!
You bludgeon the wight!
You destroy the wight!
The wight hits you with a +2 morningstar!
* * * LOW HITPOINT WARNING * * *
You feel drained.
* * * LOW HITPOINT WARNING * * *
You take 22 damage, and have 6/52 hp.
MASSIVE DAMAGE!!
You tentacle-slap the wight. Your grab misses the wight. You squeeze the wight!
The wight is almost destroyed.
The wight misses you.
You barely miss the wight. You grab the wight.
The wight is almost destroyed.
You constrict the wight, but do no damage.
The wight hits you with a +2 morningstar!
You die...
Your body crumbles into a pile of gold.

####### ######## ###..[...
......### ########.#......
#...... .......%....####
#####.#.###########..........
#..../.....z....####....#####
#.....##......$h......##.#......
#.... #......#####.##....#..####
................##..........#
......#......##.##########......
......##.....# # ####### z####
#.#.### #..... #.#.# #.####
#.#.# #..... #.##..


You could see a wight.

Vanquished Creatures
  A black bear (D:4)
  2 centaurs (D:5)
  2 phantoms
  A kobold brigand (D:4)
  Blork the orc (D:4)
  A scorpion (D:4)
  A wight (D:6)
  An electric eel (D:6)
  2 hounds
  An orc priest (D:6)
  A gnoll bouda (D:5)
  2 jellies (D:5)
  A sleepcap (D:5)
  Natasha (thrice) (D:2)
  2 orc wizards
  8 adders
  5 gnolls (D:5)
  2 white imps
  4 ufetubi
  3 worms
  3 dart slugs
  11 orcs
  7 ball pythons
  6 endoplasms
  3 giant cockroaches
  6 goblins
  8 hobgoblins
  8 jackals
  3 quokkas
  2 bats
  A frilled lizard (D:2)
  6 kobolds
  2 rats (D:3)
110 creatures vanquished.

Notes
Turn   | Place    | Note
-------+----------+-------------------------------------------
     0 | D:1      | Dirtsage the Octopode Shapeshifter began the quest for the
                  | Orb.
     0 | D:1      | Reached XP level 1. HP: 13/13 MP: 1/1
   272 | D:1      | Found a faded altar of an unknown god.
   621 | D:2      | Reached XP level 2. HP: 15/18 MP: 2/2
   751 | D:2      | Reached XP level 3. HP: 17/23 MP: 3/3
   800 | D:2      | Noticed Natasha
   804 | D:2      | Killed Natasha
   816 | D:2      | Reached XP level 4. HP: 7/29 MP: 4/4
  1183 | D:2      | Noticed Natasha
  1189 | D:2      | Killed Natasha
  1306 | D:2      | Reached skill level 4 in Shapeshifting
  1342 | D:2      | Reached XP level 5. HP: 34/34 MP: 5/5
  1433 | D:2      | Found Woubly's Jewellery Boutique.
  1531 | D:2      | Noticed Natasha
  1536 | D:2      | Killed Natasha
  2529 | D:4      | Noticed a black bear
  2536 | D:4      | Killed a black bear
  2537 | D:4      | Reached XP level 6. HP: 40/41 MP: 6/6
  2566 | D:4      | Noticed Blork the orc
  2573 | D:4      | Killed Blork the orc
  2665 | D:4      | Reached skill level 5 in Shapeshifting
  2665 | D:4      | Reached XP level 7. HP: 46/46 MP: 7/7
  3160 | D:5      | Entered Level 5 of the Dungeon
  3454 | D:5      | Found a staircase to the Ecumenical Temple.
  3604 | D:5      | Reached XP level 8. HP: 54/54 MP: 8/8
  3641 | D:5      | Found a shadowy altar of Dithmenos.
  3655 | D:5      | Reached skill level 5 in Unarmed Combat
  3655 | D:5      | Reached skill level 6 in Shapeshifting
  3889 | Temple   | Entered the Ecumenical Temple
  3916 | Temple   | Became a worshipper of Gozag Ym Sagoz the Greedy
  4116 | D:6      | Found Joph's Tremendous Tomes.
  4350 | D:6      | Mangled by a wight

Illustrated notes

Levels and vault maps discovered:
D:1:      giann_forest_graveyard, layout_basic,
          hellmonk_ecumenical_altar_heavens_door
D:2:      wad_river_or_something, layout_rooms, serial_shops,
          nicolae_shop_tiny_real_fake_doors, chequers_decorated_corner,
          chequers_serial_rivers_small_3, uniq_natasha
D:3:      layout_basic
D:4:      minmay_evil_eye, layout_rooms, uniq_blork_the_orc
D:5:      layout_basic, nicolae_overflow_hidden_temple,
          minmay_temple_entry_trees
D:6:      layout_loops_ring, nzn_hepliaklqana_mist_gate, ebering_ghost_gozag,
          portal_sewer_entry_f, nicolae_shop_i_like_big_books,
          nicolae_water_bricks, kennysheep_nub
Temple:   mainiacjoe_temple_big_plus

Skill      XL: |  1  2  3  4  5  6  7  8 |
---------------+-------------------------+-----
Fighting       | 2 3 4 |  4.4
Shapeshifting  | 4 5 6 |  6.5
Dodging        | 3 4 |  4.8
Unarmed Combat | 4 5 |  5.3

Action                     |  1- 3 |  4- 6 |  7- 9 || total
---------------------------+-------+-------+-------++-------
  Melee: Unarmed           |    44 |    81 |   115 ||   240
         Constrict         |    13 |    25 |    27 ||    65
         Punch             |     2 |     2 |     9 ||    13
         Tentacles         |     6 |    15 |    29 ||    50
  Evoke: Wand              |       |     3 |     4 ||     7
    Use: Potion            |       |     1 |       ||     1
         Scroll            |       |       |     1 ||     1
   Stab: Sleeping          |     4 |     9 |     2 ||    15
 Armour: Skin              |    21 |    25 |    51 ||    97
  Dodge: Dodged            |    17 |    40 |    74 ||   131

Table legend: (Time is in decaauts)
 A = Elapsed time spent in this place.
 B = Non-inter-level travel time spent in this place.
 C = Inter-level travel time spent in this place.
 D = Time resting spent in this place.
 E = Time spent auto-exploring this place.
 F = Levels seen in this place.
 G = Mean time per level.
                   A        B        C        D        E       F      G
               +--------+--------+--------+--------+--------+-----+--------+
         Total |   4341 |   4154 |    187 |    239 |   3091 |   7 |  620.1 |
       Dungeon |   4292 |   4150 |    142 |    239 |   3091 |   6 |  715.3 |
        Temple |     49 |      4 |     45 |      0 |      0 |   1 |   49.0 |
               +--------+--------+--------+--------+--------+-----+--------+

Top non-repeatable levels by time:
     D:2: 1016 daAuts
     D:3: 850 daAuts
     D:5: 740 daAuts
     D:4: 697 daAuts
     D:1: 613 daAuts
     D:6: 373 daAuts
  Temple: 49 daAuts
